 Dungeon Crawl Stone Soup version 0.30.1-9-gdf580d7c3d (webtiles) character file.

Game seed: 14159196592662594672

441 pkoi the Insei (level 6, -1/52 HPs)
             Began as a Draconian Monk on Oct 11, 2023.
             Slain by a centaur (6 damage)
             ... on level 6 of the Dungeon.
             The game lasted 00:02:57 (2497 turns).

pkoi the Insei (Draconian Monk)                     Turns: 2497, Time: 00:02:58

Health: -1/52      AC:  6    Str: 11    XL:     6   Next: 70%
Magic:  6/6        EV: 13    Int: 12    God:
Gold:   159        SH:  0    Dex: 17    Spells: 5/5 levels left

rFire   . . .        j - +1 hand axe of Animal Spirits {elec, rPois Will+ Str-2 Dex+3}
rCold   . . .        (no shield)
rNeg    . . .        (body armour unavailable)
rPois   +            (helmet restricted)
rElec   .            (no cloak)
rCorr   .            (no gloves)
SInv    .            (no boots)
Will    +....        (no amulet)
Stlth   ++           (no ring)
HPRegen 0.28/turn    (no ring)
MPRegen 0.10/turn

%: no passive effects
@: no status effects
A: AC +6, unfitting armour, cold-blooded
a: no special abilities


You were on level 6 of the Dungeon.
You visited 1 branch of the dungeon, and saw 5 of its levels.

You collected 159 gold pieces.

Inventory:

Hand Weapons
 j - the +1 hand axe of Animal Spirits (weapon) {elec, rPois Will+ Str-2 Dex+3}
   (You found it on level 2 of the Dungeon)

   Str:       It affects your strength (-2).
   Dex:       It affects your dexterity (+3).
   rPois:     It protects you from poison.
   Will:      It increases your willpower.
Missiles
 n - 2 poisoned darts (quivered)
Armour
 b - an orb of light
Wands
 p - a wand of charming (2)
Scrolls
 h - 4 scrolls of identify
 i - 2 scrolls of enchant weapon {unknown}
 k - 3 scrolls of teleportation {unknown}
 l - 2 scrolls of fear {unknown}
 o - 2 scrolls of poison {unknown}
Potions
 a - 2 potions of ambrosia
 c - 2 potions of curing {unknown}
 d - a potion of haste {unknown}
 e - a potion of magic
 f - 2 potions of mutation {unknown}
 g - a potion of attraction {unknown}
 m - a potion of might {unknown}
 q - a potion of degeneration {unknown}
 r - a potion of brilliance {unknown}


   Skills:
 + Level 4.0 Fighting
 + Level 3.2 Dodging
 + Level 7.1 Unarmed Combat


You had 5 spell levels left.
You didn't know any spells.
Your spell library contained the following spells:

 Spells                   Type           Power      Damage    Failure   Level
 Portal Projectile        Hex/Tloc       0%         N/A       69%         3
 Tukima's Dance           Hex            0%         N/A       69%         3
 Blade Hands              Tmut           0%         N/A       100%        5
 Summon Forest            Summ/Tloc      0%         N/A       100%        5
 Summon Mana Viper        Hex/Summ       0%         N/A       100%        5
 Summon Cactus Giant      Summ           0%         N/A       100%        6


Dungeon Overview and Level Annotations

Branches:
Dungeon (6/15)
 Temple: D:4-7

Altars:
Cheibriados

Annotations:
D:6 Eustachio


Innate Abilities, Weirdness & Mutations

Your plain brown scales are hard. (AC +6)
You cannot fit into any form of body armour.
You are cold-blooded and may be slowed by cold attacks.


Message History

The ufetubus barely misses you. x2
Eustachio mumbles some strange words.
Eustachio blinks!
You closely miss the ufetubus.
The ufetubus is lightly wounded.
The ufetubus barely misses you. x3; The ufetubus hits you.
You closely miss the ufetubus.
The ufetubus is lightly wounded.
The ufetubus hits you. The ufetubus barely misses you. x3
You barely miss the ufetubus. The ufetubus closely misses you.
The ufetubus hits you. x2; The ufetubus barely misses you.
You miss the ufetubus. You punch the ufetubus.
The ufetubus is almost dead.
The ufetubus barely misses you. The ufetubus hits you.
The ufetubus closely misses you. x2
You hit the ufetubus but do no damage. You punch the ufetubus.
You kill the ufetubus!
The centaur shoots an arrow.
The arrow closely misses you.
Eustachio casts a spell.
Eustachio blinks!
The jelly hits you but does no damage.
You completely miss the jelly. The jelly hits you but does no damage.
You slash the jelly!
Your hands burn!
The jelly is heavily wounded.
The jelly hits you.
You are splashed with acid.
You hit the jelly. Lightning courses through the jelly!
You kill the jelly!
The centaur shoots an arrow.
The arrow hits you!
The centaur shoots an arrow.
The arrow hits you!
* * * LOW HITPOINT WARNING * * *
Your Fighting skill increases to level 4!
The centaur unwields a +0 shortbow.
The centaur closely misses you. The centaur barely misses you.
You barely miss the centaur. You tail-slap the centaur.
The centaur is lightly wounded.
You hit Eustachio. Lightning courses through Eustachio! The centaur hits you.
* * * LOW HITPOINT WARNING * * *
The centaur barely misses you. Eustachio hits you with a +0 falchion.
* * * LOW HITPOINT WARNING * * *
The centaur hits you.
You die...

..........####.#
..######.......#
....##########.#
......## #.##
.......# ##.#
.......# #.##
.......# #..# .
......## ##.#
... ....###
#@##..... ...##
#c@......
.######
##.#.....
.......# .......
#####... .......
.##.... ## ....
... ..


You could see Eustachio and a centaur.

Vanquished Creatures
  Sigmund (D:3)
  A scorpion (D:6)
  A jelly (D:6)
  An iguana (D:6)
  Ijyb (D:3)
  5 gnolls (D:3)
  3 adders
  2 ufetubi (D:6)
  2 worms (D:2)
  A dart slug (D:3)
  7 bats
  An endoplasm (D:2)
  3 giant cockroaches
  5 goblins
  4 hobgoblins
  6 jackals (D:1)
  A quokka (D:2)
  2 ball pythons (D:1)
  7 frilled lizards
  8 kobolds
  4 rats
66 creatures vanquished.

Notes
Turn   | Place    | Note
-------+----------+-------------------------------------------
     0 | D:1      | pkoi the Draconian Monk began the quest for the Orb.
     0 | D:1      | Reached XP level 1. HP: 19/19 MP: 1/1
   274 | D:1      | Reached XP level 2. HP: 26/26 MP: 2/2
   656 | D:1      | Reached skill level 4 in Unarmed Combat
   969 | D:2      | Reached XP level 3. HP: 31/31 MP: 3/3
  1152 | D:2      | Identified the +1 hand axe of Animal Spirits {elec, rPois
                  | Will+ Str-2 Dex+3}
  1752 | D:3      | Found a snail-covered altar of Cheibriados.
  1776 | D:3      | Reached XP level 4. HP: 38/38 MP: 4/4
  1827 | D:3      | Noticed Sigmund
  1832 | D:3      | Killed Sigmund
  1833 | D:3      | Reached skill level 6 in Unarmed Combat
  1833 | D:3      | Reached XP level 5. HP: 37/45 MP: 5/5
  1939 | D:3      | Reached XP level 6. HP: 24/51 MP: 6/6
  2210 | D:3      | Noticed Ijyb
  2224 | D:3      | Killed Ijyb
  2281 | D:3      | You fall into a shaft and drop 3 floors!
  2410 | D:5      | Entered Level 5 of the Dungeon
  2419 | D:6      | Reached skill level 7 in Unarmed Combat
  2476 | D:6      | Noticed Eustachio
  2497 | D:6      | Slain by a centaur

Illustrated notes

Levels and vault maps discovered:
D:1:      tarquinn_simple_flora_water_e, layout_basic
D:2:      layout_basic, minmay_tetromino_l2
D:3:      layout_basic, mainiacjoe_overflow_boulevard, kennysheep_slug_shrine,
          uniq_ijyb, uniq_sigmund
D:5:      minmay_clustersquares, layout_rooms, grunt_temple_overflow_open,
          nicolae_shop_sticking_my_neck_out
D:6:      layout_cave_pods, grunt_temple_overflow_forces_of_nature,
          grunt_decor_junction, chequers_serial_rivers_micro_d, uniq_eustachio,
          uniq_edmund, uniq_crazy_yiuf_cottage

Skill      XL: |  1  2  3  4  5  6 |
---------------+-------------------+-----
Unarmed Combat | 4 6 7 |  7.1
Dodging        | 3 |  3.2
Fighting       | 4 |  4.0

Action                     |  1- 3 |  4- 6 || total
---------------------------+-------+-------++-------
  Melee: Unarmed           |    70 |       ||    70
         Tailslap          |     9 |    12 ||    21
         Hand axe          |    36 |    80 ||   116
         Punch             |       |     4 ||     4
    Use: Scroll            |     1 |     1 ||     2
 Armour: Skin              |    32 |    33 ||    65
  Dodge: Dodged            |    91 |   101 ||   192
